Map: Incorporeal LE

Players

papakarlo

  • Race: Terran Terran
  • League: Master
  • Spawn Location: 5:00

ManlyManMeat - Winner!

  • Race: Zerg Zerg
  • League: Platinum
  • Spawn Location: 11:00

VOD

Have the link to the VOD?

Description

Time

  • Played on: June 21, 2025, 9:28 a.m.
  • Length: 11:40
Show
View Real Time Build Order
Export as new Build Order

papakarlo Terran 

Build Orders:  

Get SALT Encoding   

  12  0:01  SCV  
  13  0:13  SCV  
  14  0:20  Supply Depot  
  14  0:25  SCV  
  15  0:42  SCV  
  16  0:43  Barracks  
  16  0:51  Barracks  
  16  0:54  SCV  
  17  1:06  SCV  
  18  1:34  Marine  
  18  1:35  Command Center  
  18  1:39  Supply Depot, Marine  
  20  2:01  Marine  
  20  2:02  Marine  
  20  2:03  Orbital Command  
  22  2:13  Barracks  
  22  2:19  Marine x2  
  24  2:35  SCV  
  25  2:37  Marine x2  
  25  2:38  Refinery  
  25  2:43  Refinery  
  27  2:48  SCV  
  28  2:55  Marine x2  
  30  3:00  Marine, SCV  
  32  3:07  Supply Depot  
  32  3:12  SCV  
  33  3:13  Marine x2  
  33  3:16  Orbital Command  
  35  3:22  Marine  
  35  3:24  SCV  
  37  3:30  Marine  
  38  3:42  Barracks Tech Lab  
  38  3:45  SCV x2  
  40  3:54  Factory  
  40  3:55  Factory  
  40  3:57  SCV x2  
  40  4:00  Barracks  
  37  4:27  Marine x3  
  34  4:32  Stimpack  
  34  4:34  SCV x2  
  36  4:44  Marine  
  36  4:45  Factory Reactor, Marine x2  
  39  4:46  Starport, SCV x2  
  41  4:58  SCV x2  
  43  5:02  Barracks Reactor  
  43  5:10  SCV x2  
  45  5:16  Command Center  
  45  5:21  Marine x3  
  46  5:24  Widow Mine  
  46  5:25  Widow Mine  
  46  5:27  Starport Reactor  
  52  5:34  SCV x2  
  54  5:41  Supply Depot  
  54  5:43  Supply Depot  
  54  5:48  Marine x5  
  54  5:49  SCV  
  60  6:05  Medivac x2  
  60  6:06  Marine, Widow Mine x2  
  60  6:07  Marine x4  
  73  6:12  Combat Shield  
  73  6:19  SCV  
  73  6:20  SCV  
  73  6:24  Marine  
  73  6:25  Marine x2  
  78  6:28  Marine x2  
  78  6:29  Orbital Command  
  78  6:31  SCV  
  78  6:32  Supply Depot, SCV  
  82  6:35  Supply Depot, Engineering Bay  
  82  6:56  Supply Depot  
  82  6:57  Orbital Command  
  82  6:58  Supply Depot  
  82  7:04  Marine x5  
  82  7:06  Medivac x2, Widow Mine x2  
  95  7:21  Marine  
  55  7:51  Marine x5  
  36  8:08  Marine  
  36  8:09  Marine x4  
  41  8:13  SCV x3  
  41  8:19  Medivac x2, Widow Mine x2  
  52  8:26  Marine x3  
  52  8:27  Marine x2  
  53  8:40  Widow Mine x2  
  57  8:44  Marine x4, Terran Infantry Weapons Level 1  
  57  8:46  Armory  
  61  8:49  Medivac  
  61  8:53  Marine  
  64  9:01  Widow Mine  
  64  9:02  Marine x4, Widow Mine  
  57  9:11  Marine  
  56  9:20  Marine x3  
  58  9:25  Marine  
  58  9:29  Marine  
  60  9:37  Marine  
  60  9:38  Marine x2  
  63  9:45  Factory, SCV x3  
  66  9:47  Supply Depot  
  66  9:49  Marine x2  
  68  9:57  SCV x3  
  71  10:09  SCV x2  
  44  10:42  Marine  
  44  10:43  Marine x2  
Show
View Real Time Build Order
Export as new Build Order

ManlyManMeat Zerg - Winner!

Build Orders: Hatch First 

Get SALT Encoding   

  12  0:00  Drone  
  13  0:12  Overlord  
  13  0:21  Drone  
  14  0:30  Drone x2  
  14  0:35  Drone  
  17  0:50  Hatchery  
  16  0:57  Drone x2  
  18  1:12  Extractor  
  18  1:13  Spawning Pool  
  18  1:17  Drone  
  17  1:25  Drone  
  18  1:32  Drone  
  18  1:39  Overlord  
  19  1:49  Drone  
  19  2:02  Queen  
  19  2:03  Queen  
  19  2:04  Zergling x4  
  25  2:12  Drone  
  26  2:19  Drone  
  27  2:26  Overlord  
  27  2:29  Drone  
  28  2:30  Metabolic Boost  
  28  2:44  Hatchery  
  27  2:49  Drone  
  27  2:50  Drone  
  27  2:51  Drone  
  30  2:53  Drone  
  30  2:58  Drone  
  32  3:01  Overlord  
  32  3:11  Drone x3  
  35  3:19  Queen  
  37  3:25  Drone x3  
  37  3:26  Drone  
  41  3:34  Baneling Nest  
  39  3:41  Zergling x6  
  39  3:45  Overlord  
  39  3:46  Overlord  
  42  4:01  Zergling x4  
  42  4:02  Zergling x2  
  42  4:03  Zergling x2  
  42  4:04  Zergling x6  
  45  4:12  Zergling x6  
  31  4:27  Drone  
  31  4:31  Drone x3  
  34  4:45  Drone x5  
  39  4:57  Drone, Queen  
  39  4:59  Queen  
  44  5:04  Lair  
  44  5:08  Drone x3  
  44  5:09  Evolution Chamber  
  46  5:34  Zerg Melee Weapons Level 1  
  46  5:36  Drone x3  
  46  5:37  Extractor  
  46  5:38  Drone x4  
  52  5:43  Drone x2  
  54  6:02  Baneling x3  
  54  6:05  Centrifugal Hooks  
  54  6:06  Drone  
  54  6:09  Drone x2  
  54  6:10  Drone  
  57  6:25  Overlord x3  
  57  6:26  Hatchery  
  57  6:27  Hatchery  
  55  6:45  Drone x5  
  55  6:46  Zergling x8  
  55  6:47  Zergling x8  
  68  6:49  Baneling x5  
  68  6:50  Baneling  
  68  7:03  Zergling x12  
  68  7:04  Zergling x6  
  76  7:16  Zergling x6  
  67  7:31  Zergling x2  
  67  7:32  Zergling x8  
  67  7:33  Drone  
  72  7:43  Zerg Ground Armor Level 1  
  71  7:45  Zergling x20  
  81  7:57  Zergling x14  
  80  8:18  Zergling x20  
  80  8:19  Zergling x8, Overlord x3  
  93  8:31  Baneling  
  93  8:32  Baneling x5  
  93  8:33  Baneling x9  
  93  8:38  Zergling x22  
  93  8:40  Hatchery  
  102  8:42  Hatchery  
  102  8:45  Zergling x14  
  89  9:16  Zergling x18  
  89  9:17  Zergling x12  
  93  9:36  Zergling x12  
  96  9:45  Overseer x2  
  96  9:57  Zergling x22  
  96  9:58  Zergling x12  
  113  10:00  Baneling x14  
  113  10:11  Baneling x6  
  113  10:12  Baneling  
  112  10:35  Zergling x24  
  124  10:36  Overlord x4  
  124  10:40  Overlord  
  124  10:41  Overlord  
  121  10:51  Zergling x4  
  121  10:52  Zergling x2  
  115  10:59  Baneling  
  115  11:00  Baneling x10  
  115  11:02  Zergling x2  
  115  11:03  Zergling x18  
  119  11:16  Drone x3  
Tags
 
Matchup
TvZ
Replay Pack
Myownreplay2
Spawn Locations
Cross Positions
Add a new tag
Caveats
  • Supply blocks, unpowered buildings, or Contaminate may cause inaccurate times.
  • Supply counts are checked every 10 seconds.